 Dungeon Crawl Stone Soup version 0.21.1-1-g345015fe64 (webtiles) character file.

52595 Henning the Severer (level 14, -10/129 HPs)
             Began as a Minotaur Berserker on June 13, 2018.
             Was a High Priest of Trog.
             Killed from afar by a merfolk aquamancer (32 damage)
             ... with a shard of ice
             ... on level 1 of the Shoals.
             The game lasted 01:20:54 (19657 turns).

Henning the Severer (Minotaur Berserker)           Turns: 19657, Time: 01:20:55

Health: -10/129    AC: 22    Str: 26    XL:     14   Next: 27%
Magic:  0/4        EV: 11    Int:  4    God:    Trog [*****.]
Gold:   1436       SH:  6    Dex: 16    Spells: 13/13 levels left

rFire    . . .     SeeInvis .   G - +3 broad axe (antimagic)
rCold    . . .     Gourm    .   F - +0 buckler
rNeg     + . .     Faith    .   y - +0 plate armour
rPois    .         Spirit   +   (helmet restricted)
rElec    .         Reflect  .   P - +0 cloak
rCorr    .         Harm     .   O - +2 pair of gloves
MR       +....                  (no boots)
Stlth    ..........             q - amulet of guardian spirit
HPRegen  0.31/turn              K - +5 ring of dexterity
MPRegen  0.09/turn              s - ring of positive energy

@: berserk cooldown
A: retaliatory headbutt, horns 2
a: Berserk, Trog's Hand, Brothers in Arms, Burn Spellbooks, Renounce Religion


You were on level 1 of the Shoals.
You worshipped Trog.
Trog was extremely pleased with you.
You were very hungry.

You visited 5 branches of the dungeon, and saw 20 of its levels.

You collected 1436 gold pieces.

Inventory:

Hand Weapons
 a - a +0 hand axe
 D - a +0 war axe
 G - a +3 antimagic broad axe (weapon)
 R - a +3 antimagic hand axe
Missiles
 A - 6 poisoned tomahawks
 B - 29 tomahawks (quivered)
Armour
 y - a +0 plate armour (worn)
 F - a +0 buckler (worn)
 O - a +2 pair of gloves (worn)
 P - a +0 cloak (worn)
Jewellery
 q - an amulet of guardian spirit (around neck)
 s - a ring of positive energy (right hand)
 u - an uncursed ring of positive energy
 K - a +5 ring of dexterity (left hand)
 S - an uncursed ring of stealth {unknown}
Wands
 i - a wand of enslavement (27)
 v - a wand of polymorph (21)
 z - a wand of iceblast (20)
 C - a wand of acid (7)
 H - a wand of paralysis (14)
Scrolls
 e - 5 scrolls of identify
 f - 3 scrolls of remove curse
 j - 5 scrolls of noise
 k - 5 scrolls of teleportation
 l - 4 scrolls of magic mapping
 n - 4 scrolls of enchant armour
 o - 3 scrolls of amnesia
 p - 5 scrolls of fog
 r - a scroll of vulnerability
 E - 2 scrolls of enchant weapon
 I - 2 scrolls of torment
 M - a scroll of summoning
Potions
 b - 3 potions of brilliance
 g - 3 potions of degeneration
 h - a potion of ambrosia
 m - a potion of agility {unknown}
 t - 6 potions of curing
 w - 2 potions of mutation
 x - a potion of lignification
 J - 3 potions of might
 L - a potion of cancellation
 Q - a potion of magic {unknown}
Comestibles
 c - 32 rations
 d - 3 chunks of flesh


   Skills:
 + Level 13.6 Fighting
 + Level 18.3 Axes
 + Level 5.5 Throwing
 + Level 14.7 Armour
 + Level 6.0 Dodging
 + Level 1.8 Stealth
 + Level 6.1 Shields
 + Level 0.1 Unarmed Combat
 + Level 0.1 Evocations


You had 13 spell levels left.
You didn't know any spells.

Dungeon Overview and Level Annotations

Branches:
Dungeon (14/15)            Temple (1/1) D:4            Lair (2/6) D:8
 Shoals (1/4) Lair:2          Orc (2/2) D:9          Vaults (0/5) D:14
  Snake: Lair:2-4    Spider: Lair:2-4       Elf: Orc:2

Altars:
Ashenzari
Cheibriados
Dithmenos
Elyvilon
Fedhas
Gozag
Hepliaklqana
Kikubaaqudgha
Makhleb
Nemelex Xobeh
Okawaru
Qazlal
Ru
Sif Muna
Trog
Uskayaw
Vehumet
Wu Jian
Xom
Yredelemnul
Zin
The Shining One
Beogh

Shops:
D:10 %   D:14 [

Annotations:
D:14 Nessos, Urug


Innate Abilities, Weirdness & Mutations

You reflexively headbutt those who attack you in melee.
You have a pair of horns on your head.


Message History

The merfolk hits you from afar with a trident.
* * * LOW HITPOINT WARNING * * *
The merfolk hits you but does no damage.
You shred the net and break free!
The merfolk hits you from afar with a trident!
* * * LOW HITPOINT WARNING * * *
There are no items here.
There are no items here.
A water elemental comes into view.
You feel yourself speed up.
The merfolk hits you from afar with a trident.
* * * LOW HITPOINT WARNING * * *
Okay, then.
Your ogre goes berserk!
You are feeling very hungry.
The merfolk hits you but does no damage.
Your ogre hits the merfolk aquamancer with a giant club!!
The merfolk aquamancer gestures at you while chanting.
The shard of ice hits you!
You die...

≈≈≈≈≈≈≈≈..# .....#......≈≈≈≈
≈≈≈≈≈≈≈≈≈.# ............≈≈≈≈
≈≈≈≈≈≈≈≈≈%# #.........≈≈≈≈≈
≈≈≈≈≈≈≈).## #...<...≈...≈
≈≈≈≈≈≈≈≈.### ##...........
≈≈≈≈≈≈≈≈≈E.# ####..≈....#
≈≈≈≈≈≈≈≈≈≈.## ### #...≈≈.##
≈≈≈≈≈≈≈≈≈≈≈.#####.# #.)..≈.##
≈≈≈≈≈≈≈≈≈≈≈mm.@..## ##.##.≈≈≈.
≈≈≈≈≈≈≈≈≈≈≈≈..≈≈≈#####..##..≈(≈
≈≈≈≈≈≈≈≈≈≈≈≈≈Om≈..##....##..≈≈≈
≈≈≈≈≈≈≈≈≈≈≈≈≈≈≈(........##.≈≈≈
≈≈≈≈≈≈≈≈≈≈≈≈≈≈≈≈≈≈.....)))≈≈≈
≈≈≈≈≈≈≈≈≈≈≈≈≈≈≈≈≈.....)...≈≈
≈≈≈≈≈≈≈≈≈≈≈≈≈≈≈≈≈≈≈......≈≈
≈≈≈≈≈≈≈≈≈≈≈≈≈≈≈≈≈≈≈≈≈≈≈≈≈≈≈..##.≈
≈≈≈≈≈≈≈ ≈≈≈≈≈≈≈≈≈≈≈≈≈≈≈≈≈..##.≈


You could see a merfolk aquamancer, 2 merfolk and a friendly ogre (berserk).

Vanquished Creatures
  2 hydras
  A merfolk avatar (Shoals:1)
  A merfolk aquamancer (Shoals:1)
  7 two-headed ogres
  The ghost of JOKERXD40 the Cleaver, a novice HOFi of Beogh (D:9)
  A tengu warrior (D:13)
  2 death knights
  5 sea snakes (Shoals:1)
  An unseen horror (D:12)
  Pikel (D:9)
  4 harpies (Shoals:1)
  2 phantasmal warriors (D:14)
  An ugly thing (D:10)
  7 fauns (Shoals:1)
  An orc sorcerer (Orc:1)
  3 cyclopes
  Joseph (D:8)
  2 centaur zombies
  2 manticores (Shoals:1)
  A water nymph (Shoals:1)
  6 merfolk sirens
  6 spiny frogs
  2 gargoyles
  2 komodo dragons
  A tengu conjurer (D:14)
  4 trolls
  A troll (shapeshifter) (D:13)
  7 merfolk (Shoals:1)
  2 snapping turtles (Shoals:1)
  7 hippogriffs
  11 slime creatures (D:12)
  7 spriggans (Lair:1)
  A shadow (D:11)
  A vampire (D:12)
  2 wraiths
  A basilisk (D:8)
  4 water elementals (Shoals:1)
  10 yaks
  Eustachio (D:5)
  4 hogs (D:7)
  14 humans
  4 wyverns (D:8)
  Grum (D:10)
  3 hungry ghosts
  9 vampire mosquitoes
  A soldier ant (D:13)
  A hornet zombie (D:12)
  7 water moccasins
  4 sky beasts
  12 orc warriors
  2 porcupines
  3 slaves (D:9)
  4 ice beasts
  A phantom (D:12)
  A swamp drake (D:8)
  9 wolves
  2 necrophages
  5 ogres
  9 centaurs
  6 crocodiles
  4 big kobolds
  11 bullfrogs
  A wyvern skeleton (D:6)
  6 scorpions
  3 wights (D:6)
  2 electric eels (Lair:2)
  3 howler monkeys
  6 crimson imps
  2 bullfrog zombies
  A quasit (D:6)
  3 jellies
  5 hounds
  18 orc priests
  4 centaur skeletons
  2 iguanas
  17 orc wizards
  12 worker ants
  3 worker ant zombies
  13 adders
  7 gnolls
  2 howler monkey skeletons
  4 shadow imps
  An adder zombie (D:5)
  2 adder skeletons
  6 worms
  5 dart slugs
  4 leopard geckos
  78 orcs
  8 giant cockroaches
  5 goblins
  9 hobgoblins
  24 jackals
  30 kobolds
  4 quokkas
  A ball python (D:4)
  6 bats
  3 frilled lizards
  A leopard gecko skeleton (D:4)
  2 quokka zombies
  7 rats
  8 plants
557 creatures vanquished.

Notes
Turn   | Place    | Note
-------+----------+-------------------------------------------
     0 | D:1      | Henning the Minotaur Berserker began the quest for the Orb.
     0 | D:1      | Reached XP level 1. HP: 19/19 MP: 0/0
    60 | D:1      | Reached XP level 2. HP: 8/27 MP: 1/1
    87 | D:1      | Reached skill level 4 in Axes
   604 | D:1      | Reached XP level 3. HP: 33/33 MP: 2/2
   955 | D:2      | Found an ancient bone altar of Kikubaaqudgha.
  1134 | D:2      | Reached XP level 4. HP: 41/41 MP: 3/3
  1172 | D:2      | Reached ** piety under Trog
  1562 | D:2      | Found an opulent altar of Gozag.
  1778 | D:3      | Reached skill level 5 in Axes
  1796 | D:3      | Reached XP level 5. HP: 47/47 MP: 4/4
  2440 | D:3      | Found a shimmering altar of Xom.
  2448 | D:3      | Found a radiant altar of Vehumet.
  2455 | D:3      | Found a shattered altar of Ashenzari.
  2455 | D:3      | Found a glowing golden altar of the Shining One.
  2455 | D:3      | Found a basalt altar of Yredelemnul.
  2648 | D:4      | Reached skill level 6 in Axes
  2677 | D:4      | Reached XP level 6. HP: 50/53 MP: 5/5
  2771 | D:4      | Reached skill level 5 in Armour
  2908 | D:4      | Reached *** piety under Trog
  2964 | D:4      | Reached skill level 5 in Fighting
  3016 | D:4      | Found a stormy altar of Qazlal.
  3102 | D:4      | Found a sparkling altar of Nemelex Xobeh.
  3290 | D:4      | Found a staircase to the Ecumenical Temple.
  3302 | Temple   | Entered the Ecumenical Temple
  3435 | D:4      | Reached XP level 7. HP: 61/61 MP: 6/6
  3577 | D:5      | Entered Level 5 of the Dungeon
  3634 | D:5      | Reached skill level 7 in Axes
  3821 | D:5      | Noticed Eustachio
  3906 | D:5      | Killed Eustachio
  4020 | D:5      | Reached skill level 8 in Axes
  4409 | D:5      | Reached XP level 8. HP: 69/69 MP: 7/7
  4815 | D:6      | Found a sacrificial altar of Ru.
  4816 | D:6      | Reached **** piety under Trog
  4821 | D:6      | Reached skill level 9 in Axes
  4856 | D:6      | Reached skill level 1 in Stealth
  4972 | D:6      | Reached skill level 5 in Dodging
  5482 | D:6      | Reached skill level 10 in Axes
  5696 | D:6      | Reached XP level 9. HP: 71/78 MP: 6/8
  6271 | D:7      | Reached skill level 11 in Axes
  6290 | D:7      | Reached skill level 1 in Throwing
  6722 | D:8      | Noticed a two-headed ogre
  6735 | D:8      | Killed a two-headed ogre
  6735 | D:8      | Reached skill level 12 in Axes
  6735 | D:8      | Reached XP level 10. HP: 7/88 MP: 1/9
  7098 | D:8      | Noticed Joseph
  7117 | D:8      | Killed Joseph
  7298 | D:8      | Reached ***** piety under Trog
  8014 | D:8      | Found a staircase to the Lair.
  8066 | D:8      | Reached skill level 13 in Axes
  8384 | D:9      | Noticed JOKERXD40's ghost (novice HOFi)
  8405 | D:8      | Received a gift from Trog
  8552 | D:9      | Killed JOKERXD40's ghost
  8552 | D:9      | Reached skill level 10 in Armour
  8722 | D:9      | Noticed a two-headed ogre
  8737 | D:9      | Killed a two-headed ogre
  8737 | D:9      | Reached XP level 11. HP: 46/97 MP: 5/10
  9007 | D:9      | Found a staircase to the Orcish Mines.
  9021 | D:9      | Found a roughly hewn altar of Beogh.
  9203 | Orc:1    | Entered Level 1 of the Orcish Mines
  9260 | Orc:1    | Reached skill level 14 in Axes
  9289 | Orc:1    | Found a dark tunnel.
  9364 | Orc:1    | Noticed an orc sorcerer
  9372 | Orc:1    | Killed an orc sorcerer
  9734 | Orc:2    | Entered Level 2 of the Orcish Mines
  9749 | Orc:2    | Noticed an orc sorcerer
  9751 | Orc:2    | Noticed a sixfirhy
 10108 | D:9      | Noticed Pikel
 10119 | D:9      | Killed Pikel
 10119 | D:9      | Reached skill level 1 in Shields
 10288 | D:10     | Entered Level 10 of the Dungeon
 10509 | D:10     | Found Sikifo's Food Boutique.
 10661 | D:10     | Noticed a two-headed ogre
 10671 | D:10     | Killed a two-headed ogre
 10723 | D:10     | Noticed Grum
 10741 | D:10     | Killed Grum
 10773 | D:10     | Noticed a red ugly thing
 10775 | D:10     | Received a gift from Trog
 10783 | D:10     | Killed a red ugly thing
 11031 | D:11     | Reached skill level 10 in Fighting
 11069 | D:11     | Reached skill level 15 in Axes
 11079 | D:11     | Found a shadowy altar of Dithmenos.
 11501 | D:11     | Noticed a two-headed ogre
 11508 | D:11     | Killed a two-headed ogre
 11508 | D:11     | Reached XP level 12. HP: 87/107 MP: 9/11
 12386 | D:12     | Reached skill level 16 in Axes
 12430 | D:12     | Received a gift from Trog
 12621 | D:12     | Noticed a two-headed ogre
 12626 | D:12     | Killed a two-headed ogre
 12628 | D:12     | Noticed a two-headed ogre
 12636 | D:12     | Killed a two-headed ogre
 12761 | D:12     | Noticed a death knight
 12777 | D:12     | Killed a death knight
 13373 | D:13     | Noticed a four-headed hydra
 13380 | D:13     | Killed a seven-headed hydra
 13486 | D:13     | Found a blossoming altar of Fedhas.
 13779 | D:14     | Noticed a death knight
 13792 | D:14     | Killed a death knight
 13792 | D:14     | Reached XP level 13. HP: 75/117 MP: 4/12
 14251 | D:14     | Found Ekennopa's Armour Boutique.
 14267 | D:14     | Reached skill level 17 in Axes
 14296 | D:14     | Noticed Urug
 14306 | D:14     | Received a gift from Trog
 14643 | D:14     | Found a gate to the Vaults.
 14643 | D:14     | Noticed Nessos
 15667 | Lair:1   | Entered Level 1 of the Lair of Beasts
 17141 | Lair:2   | Found a staircase to the Shoals.
 17343 | Shoals:1 | Entered Level 1 of the Shoals
 17349 | Shoals:1 | Reached skill level 18 in Axes
 17484 | Shoals:1 | Reached skill level 5 in Throwing
 17484 | Shoals:1 | Reached skill level 5 in Shields
 19270 | Shoals:1 | Reached XP level 14. HP: 104/129 MP: 4/13
 19284 | Shoals:1 | Received a gift from Trog
 19657 | Shoals:1 | Killed from afar by a merfolk aquamancer

Skill      XL: |  1  2  3  4  5  6  7  8  9 10 11 12 13 14 |
---------------+-------------------------------------------+-----
Fighting       | 4 5 6 7 9 10 11 13 | 13.6
Axes           | 4 5 6 8 10 12 13 15 16 18 | 18.3
Armour         | 3 4 5 6 7 8 10 11 13 14 | 14.7
Dodging        | 3 4 5 6 |  6.0
Stealth        | 1 |  1.8
Throwing       | 1 2 3 4 5 |  5.5
Shields        | 2 4 5 6 |  6.1
Unarmed Combat | |  0.1
Evocations     | |  0.1

Action                   |  1- 3 |  4- 6 |  7- 9 | 10-12 | 13-15 || total
-------------------------+-------+-------+-------+-------+-------++-------
Melee: Hand axe          |    76 |   157 |   382 |       |       ||   615
       Headbutt          |    13 |    31 |    79 |   179 |    89 ||   391
       Unarmed           |       |       |     1 |       |     3 ||     4
       War axe           |       |       |    10 |   570 |       ||   580
       Broad axe         |       |       |       |   137 |   406 ||   543
Throw: Tomahawk          |       |       |     8 |    70 |    31 ||   109
Invok: Burn Spellbooks   |       |     2 |       |     2 |     1 ||     5
       Berserk           |       |       |     2 |     8 |     4 ||    14
       Trog's Hand       |       |       |     1 |     3 |       ||     4
       Brothers in Arms  |       |       |       |       |     1 ||     1
Evoke: Wand              |       |       |       |     2 |       ||     2
  Use: Scroll            |       |     3 |     6 |       |    16 ||    25
       Potion            |       |       |       |     4 |     8 ||    12
 Stab: Paralysed         |       |       |     1 |       |       ||     1
  Eat: Chunk             |     1 |     6 |    14 |    28 |    19 ||    68
       Ration            |       |       |       |     2 |     1 ||     3
Armor: Ring mail         |    33 |    45 |    32 |       |       ||   110
       Skin              |       |       |    21 |       |     1 ||    22
       Plate armour      |       |       |   154 |   301 |   193 ||   648
Dodge: Dodged            |    63 |    85 |   170 |   234 |   191 ||   743
Block: Buckler           |       |       |       |    94 |    91 ||   185
